 Dungeon Crawl Stone Soup version 0.29.0-5-ge4962eb29e (webtiles) character file.

Game seed: 5614805396328626254

186 QueenGhuleh the Chopper (level 5, 0/70 HPs)
             Began as a Minotaur Berserker on Aug 29, 2022.
             Was a Priest of Trog.
             Succumbed to Crazy Yiuf's poison
             ... on level 3 of the Dungeon.
             The game lasted 00:07:04 (2727 turns).

QueenGhuleh the Chopper (Minotaur Berserker)        Turns: 2727, Time: 00:07:05

Health: 0/70       AC:  9    Str: 23    XL:     5   Next: 38%
Magic:  4/4        EV:  8    Int:  4    God:    Trog [***...]
Gold:   150        SH:  0    Dex: 10    Spells: 4/4 levels left

rFire   . . .      SeeInvis .   e - +0 flail
rCold   . . .      Faith    .   (no shield)
rNeg    . . .      Spirit   .   g - +0 chain mail
rPois   .          Reflect  .   (helmet restricted)
rElec   .          Harm     .   (no cloak)
rCorr   .          Rampage  .   (no gloves)
Will    .....                   (no boots)
Stlth   ..........              (no amulet)
HPRegen 0.21/turn               (no ring)
MPRegen 0.09/turn               (no ring)

@: berserking, lethally poisoned (0 -> -7), very quick
A: horns 2, retaliatory headbutt
a: Renounce Religion, Berserk, Trog's Hand


You were on level 3 of the Dungeon.
You worshipped Trog.
Trog was most pleased with you.
You visited 1 branch of the dungeon, and saw 3 of its levels.

You collected 150 gold pieces.

Inventory:

Hand Weapons
 a - a +0 hand axe
 e - a +0 flail (weapon)
Armour
 g - a +0 chain mail (worn)
Wands
 o - a wand of digging (4)
Scrolls
 b - 3 scrolls of identify {unknown}
 d - 3 scrolls of teleportation {unknown}
 i - a scroll of vulnerability {unknown}
 k - a scroll of poison {unknown}
 m - a scroll of acquirement {unknown}
Potions
 c - 4 potions of curing {unknown}
 f - a potion of attraction {unknown}
 h - a potion of berserk rage {unknown}
 j - a potion of haste {unknown}
 l - 3 potions of heal wounds {unknown}
 n - a potion of cancellation {unknown}


   Skills:
 + Level 4.4 Fighting
 + Level 5.0(5.1) Axes
 + Level 1.8(3.6) Maces & Flails
 + Level 4.5 Armour
 + Level 2.6 Dodging
 + Level 0.1 Stealth


You had 4 spell levels left.
You didn't know any spells.
Your spell library was empty.

Dungeon Overview and Level Annotations

Branches:
Dungeon (3/15)

Altars:
Kikubaaqudgha
Trog
Zin

Shops:
D:1 *

Annotations:
D:3 Crazy Yiuf


Innate Abilities, Weirdness & Mutations

You have a pair of horns on your head.
You reflexively headbutt those who attack you in melee.


Message History

Found a hammer.
You see here a +0 hammer.
You see here a +0 hammer.
You see here a +0 hammer.
You see here a +0 hand axe.
Things that are here:
a +2 vampiric dagger; a +0 leather armour You see here a +0 hand axe.
You see here a +0 hammer.
You see here a +0 hammer.
You see here a +0 hammer.
You open the door. You closely miss Crazy Yiuf.
Crazy Yiuf hits you with a +4 quarterstaff of chaos!
You hit Crazy Yiuf.
Crazy Yiuf is lightly wounded.
Crazy Yiuf hits you with a +4 quarterstaff of chaos!
You are poisoned.
You closely miss Crazy Yiuf. You headbutt Crazy Yiuf.
Crazy Yiuf is moderately wounded.
You feel very sick.
Crazy Yiuf hits you with a +4 quarterstaff of chaos!
Crazy Yiuf freezes you.
* * * LOW HITPOINT WARNING * * *
You are too injured to fight recklessly!
A red film seems to cover your vision as you go berserk!
You feel yourself moving faster!
You feel mighty!
You feel sick.
Crazy Yiuf hits you with a +4 quarterstaff of chaos!
* * * LOW HITPOINT WARNING * * *
You closely miss Crazy Yiuf.
Crazy Yiuf is moderately wounded.
* * * LOW HITPOINT WARNING * * *
You feel sick.
Crazy Yiuf hits you with a +4 quarterstaff of chaos.
* * * LOW HITPOINT WARNING * * *
Crazy Yiuf burns you.
* * * LOW HITPOINT WARNING * * *
You hit Crazy Yiuf. Your headbutt misses Crazy Yiuf.
Crazy Yiuf is heavily wounded.
You die...

##### ### ###### ....#
#).)### ##..+.## ....#
#...g@####......# ....#
#.).##).#.......# ....##
### ###)#...+).# .....##
#######..# ##.#..#### #..#
#.##....########## ####.##
#..##..#.........# ##.##.#
##..............>###.....#
##...##........##...#####


You could see Crazy Yiuf.

Vanquished Creatures
  Ijyb (D:3)
  Terence (D:3)
  Robin (D:2)
  3 adders
  2 worms
  A dart slug (D:2)
  5 orcs (D:3)
  7 ball pythons
  5 endoplasms
  A giant cockroach (D:2)
  14 goblins
  9 hobgoblins
  3 jackals (D:3)
  2 quokkas
  7 bats
  9 frilled lizards
  6 kobolds
  6 rats
83 creatures vanquished.

Notes
Turn   | Place    | Note
-------+----------+-------------------------------------------
     0 | D:1      | QueenGhuleh the Minotaur Berserker began the quest for the
                  | Orb.
     0 | D:1      | Reached XP level 1. HP: 19/19 MP: 0/0
   273 | D:1      | Found a faded altar of an unknown god.
   279 | D:1      | Reached XP level 2. HP: 27/27 MP: 1/1
   293 | D:1      | Reached skill level 4 in Axes
   408 | D:1      | Found Jybyen's Assorted Antiques.
   658 | D:1      | Reached ** piety under Trog
   850 | D:2      | Noticed Robin
   852 | D:2      | Reached XP level 3. HP: 33/33 MP: 2/2
   875 | D:2      | Killed Robin
   890 | D:2      | Reached XP level 4. HP: 8/40 MP: 3/3
  1179 | D:2      | Found an ancient bone altar of Kikubaaqudgha.
  1894 | D:3      | Found a glowing silver altar of Zin.
  1955 | D:3      | Noticed Terence
  1960 | D:3      | Killed Terence
  1961 | D:3      | Reached skill level 1 in Maces & Flails
  2062 | D:3      | Reached skill level 5 in Axes
  2082 | D:3      | Noticed Ijyb
  2095 | D:3      | Killed Ijyb
  2096 | D:3      | Reached XP level 5. HP: 31/47 MP: 4/4
  2314 | D:3      | Reached *** piety under Trog
  2507 | D:3      | Found a bloodstained altar of Trog.
  2602 | D:3      | Found a runed translucent door.
  2603 | D:3      | Noticed Crazy Yiuf
  2726 | D:3      | HP: 1/70 [Crazy Yiuf/+4 quarterstaff of chaos (3)]
  2727 | D:3      | Succumbed to Crazy Yiuf's poison

Illustrated notes

Levels and vault maps discovered:
D:1:      dpeg_arrival_circle_labyrinth_c, layout_loops_ring,
          shapermc_ecumenical_altar_mp_highgroup, serial_shops, shop
D:2:      layout_basic, basic_altar, uniq_robin
D:3:      layout_rooms, lemuel_crystal_altar, trog_butcher_becter,
          hangedman_decor_growths, uniq_crazy_yiuf_cottage, uniq_terence,
          uniq_ijyb

Skill      XL: |  1  2  3  4 |
---------------+-------------+-----
Axes           | 4 5 |  5.0
Fighting       | 4 |  4.4
Armour         | 3 4 |  4.5
Maces & Flails | 1 |  1.8
Dodging        | |  2.6
Stealth        | |  0.1

Action                   |  1- 3 |  4- 6 || total
-------------------------+-------+-------++-------
Melee: Hand axe          |    44 |       ||    44
       Headbutt          |     9 |     9 ||    18
       Flail             |    37 |    79 ||   116
       Punch             |     1 |     1 ||     2
Invok: Berserk           |     1 |     2 ||     3
Armor: Scale mail        |    16 |       ||    16
       Chain mail        |    49 |    42 ||    91
Dodge: Dodged            |    51 |    31 ||    82
